 Dungeon Crawl Stone Soup version 0.26.1-11-gd32895ea62 (webtiles) character file.

Game seed: 16374281794925603211

307 Ezendos the Sneak (level 6, -1/32 HPs)
             Began as a Spriggan Enchanter on July 16, 2021.
             Killed by divine providence
             ... invoked by an orc priest
              (17 damage)
             ... on level 4 of the Dungeon.
             The game lasted 00:11:13 (4812 turns).

Ezendos the Sneak (Spriggan Enchanter)              Turns: 4812, Time: 00:11:13

Health: -1/32      AC:  3    Str:  4    XL:     6   Next: 16%
Magic:  8/11       EV: 18    Int: 19    God:
Gold:   163        SH:  0    Dex: 16    Spells: 1/10 levels left

rFire    . . .     SeeInvis +   a - +6 dagger (venom)
rCold    . . .     Faith    .   (shield restricted)
rNeg     . . .     Spirit   .   b - +0 robe
rPois    .         Reflect  .   (helmet restricted)
rElec    .         Harm     .   r - +0 cloak
rCorr    .         Rampage  .   (gloves unavailable)
Will     +....                  (boots unavailable)
Stlth    ++++......             (no amulet)
HPRegen  0.10/turn              (no ring)
MPRegen  0.12/turn              (no ring)

@: very quick
A: very small, unfitting armour, see invisible, speed 3
a: no special abilities


You were on level 4 of the Dungeon.
You visited 1 branch of the dungeon, and saw 4 of its levels.

You collected 163 gold pieces.

Inventory:

Hand Weapons
 a - a +6 dagger of venom (weapon)
 f - a +0 hunting sling
 q - a +2 dagger of speed
Missiles
 g - 101 stones
 i - 6 poisoned darts
Armour
 b - a +0 robe (worn)
 d - a +0 buckler
 r - a +0 cloak (worn)
Scrolls
 j - 3 scrolls of teleportation {unknown}
 l - a scroll of remove curse {unknown}
 n - 2 scrolls of immolation
 o - 2 scrolls of amnesia {unknown}
 s - a scroll of identify
 t - a scroll of enchant weapon {unknown}
Potions
 c - 2 potions of haste
 e - a potion of mutation
 h - a potion of invisibility
 k - 5 potions of degeneration {unknown}
 m - 2 potions of heal wounds {unknown}
 p - 2 potions of curing {unknown}


   Skills:
 + Level 2.4 Fighting
 - Level 1.1 Short Blades
 - Level 3.0 Dodging
 + Level 6.8 Stealth
 - Level 2.6 Spellcasting
 + Level 5.1 Hexes
 - Level 2.0 Ice Magic


You had one spell level left.
You knew the following spells:

 Your Spells              Type           Power        Failure   Level
a - Corona                Hex            24%          1%          1
b - Ensorcelled Hibernat  Hex/Ice        32%          5%          2
c - Confusing Touch       Hex            22%          5%          3
d - Tukima's Dance        Hex            22%          5%          3

Your spell library contained the following spells:

 Spells                   Type           Power        Failure   Level
 Dazzling Flash           Conj/Hex       24%          16%         3


Dungeon Overview and Level Annotations

Branches:
Dungeon (4/15)
 Temple: D:4-7

Altars:


Innate Abilities, Weirdness & Mutations

You are very small and have problems with some larger weapons.
You are too small for most types of armour.
You have supernaturally acute eyesight. (SInv)
You cover ground extremely quickly.


Message History

Casting: Ensorcelled Hibernation (safe; 5% risk of failure)
Confirm with . or Enter, or press ? or * to list all spells.
Aiming: Ensorcelled Hibernation (safe; 5% risk of failure)
Press: ? - help, Shift-Dir - straight line, f - orc
Aim: an orc, wielding a +0 flail (chance to affect: 64%)
The orc resists with significant effort.
The orc priest misses you. The orc hits you with a +0 flail.
The orc closely misses you.
You closely miss the orc priest.
The orc priest is moderately wounded.
The orc priest misses you. The orc hits you with a +0 flail.
The orc completely misses you.
You puncture the orc priest!
The orc priest is almost dead.
The orc closely misses you. The orc priest barely misses you.
The orc hits you with a +0 flail. The orc completely misses you.
The orc priest invokes the aid of Beogh against you.
Beogh smites you!
Ouch! That really hurt!
You die...

##.........#.. ...#
##..[......#..#....## .
.##............!....#..
....#.........##...!.
#...#.......#.......
...#........#..>..##
........##....oo...#
.........##.)#o.o.#
.............#..@.#..
........†.............#
..............#..(#..##
..............##### ##
.#....#......##
.###..###..### ### ####


You could see an orc priest (very poisoned) and 3 orcs.

Vanquished Creatures
  An ogre (D:4)
  Jessica (D:3)
  2 iguanas (D:4)
  5 adders
  4 worms
  A dart slug (D:2)
  4 leopard geckos
  3 orcs
  11 bats
  7 giant cockroaches
  10 hobgoblins
  3 jackals (D:3)
  2 quokkas
  A ball python (D:2)
  6 frilled lizards
  10 goblins
  9 kobolds
  6 rats
86 creatures vanquished.

Vanquished Creatures (others)
  7 plants (D:1)
7 creatures vanquished.

Grand Total: 93 creatures vanquished

Notes
Turn   | Place    | Note
-------+----------+-------------------------------------------
     0 | D:1      | Ezendos the Spriggan Enchanter began the quest for the Orb.
     0 | D:1      | Reached XP level 1. HP: 9/9 MP: 5/5
   546 | D:1      | Reached skill level 5 in Stealth
   546 | D:1      | Reached XP level 2. HP: 14/14 MP: 6/6
   554 | D:1      | Learned a level 2 spell: Ensorcelled Hibernation
   748 | D:1      | Reached skill level 1 in Fighting
  1182 | D:2      | Reached XP level 3. HP: 16/18 MP: 2/8
  2037 | D:2      | Found a faded altar of an unknown god.
  2424 | D:2      | Reached skill level 1 in Ice Magic
  2855 | D:2      | Reached XP level 4. HP: 22/22 MP: 9/9
  4153 | D:3      | Noticed Jessica
  4162 | D:3      | Killed Jessica
  4163 | D:3      | Reached skill level 6 in Stealth
  4163 | D:3      | Reached XP level 5. HP: 20/26 MP: 3/10
  4710 | D:4      | Learned a level 3 spell: Confusing Touch
  4714 | D:4      | Learned a level 3 spell: Tukima's Dance
  4744 | D:4      | Noticed an ogre
  4753 | D:4      | Killed an ogre
  4754 | D:4      | Reached skill level 5 in Hexes
  4795 | D:4      | Reached XP level 6. HP: 31/31 MP: 11/11
  4812 | D:4      | Killed from afar by an orc priest

Illustrated notes

Levels and vault maps discovered:
D:1:      lightli_arrival_statuegarden, layout_basic, minmay_octomino_c4
D:2:      layout_basic, chequers_ecumenical_altar_island,
          minmay_misc_feat_diagonals
D:3:      layout_loops_ring, portal_sewer_entry_e, uniq_jessica
D:4:      layout_cave_pools

Skill      XL: |  1  2  3  4  5 |
---------------+----------------+-----
Stealth        | 5 6 |  6.8
Fighting       | 1 2 |  2.4
Hexes          | 4 5 |  5.1
Ice Magic      | 1 2 |  2.0
Short Blades   | |  1.1
Dodging        | |  3.0
Spellcasting   | |  2.6

Action                   |  1- 3 |  4- 6 || total
-------------------------+-------+-------++-------
Melee: Dagger            |   114 |    63 ||   177
 Cast: Corona            |     3 |       ||     3
       Ensorcelled Hiber |    26 |    26 ||    52
  Use: Scroll            |     3 |     1 ||     4
 Stab: Sleeping          |    32 |    28 ||    60
       Distracted        |       |     1 ||     1
Armor: Robe              |     9 |       ||     9
Dodge: Dodged            |    64 |    35 ||    99
